 Dungeon Crawl Stone Soup version 0.23.2-40-g277498a001 (webtiles) character file.

Game seed: 2780068473450040875

145 DildoBatman the Conjurer (level 5, -1/35 HPs)
             Began as a Formicid Wizard on Sept 23, 2019.
             Slain by an adder (3 damage)
             ... on level 4 of the Dungeon.
             The game lasted 00:07:41 (3157 turns).

DildoBatman the Conjurer (Formicid Wizard)          Turns: 3157, Time: 00:07:41

Health: -1/35      AC:  3    Str: 12    XL:     5   Next: 53%
Magic:  9/9        EV: 12    Int: 21    God:
Gold:   174        SH:  0    Dex:  9    Spells: 4/10 levels left

rFire    . . .     SeeInvis +   a - +3 dagger
rCold    . . .     Gourm    .   (no shield)
rNeg     . . .     Faith    .   s - +0 robe
rPois    .         Spirit   .   (helmet unavailable)
rElec    .         Reflect  .   n - +0 cloak
rCorr    .         Harm     .   (no gloves)
MR       .....                  (no boots)
Stlth    ++........             (no amulet)
HPRegen  0.11/turn              i - +3 ring of intelligence
MPRegen  0.11/turn              (no ring)

@: lethally poisoned (-1 -> -2), starving
A: permanent stasis, dig shafts and tunnels, four strong arms, antennae 3
a: Dig, Shaft Self


You were on level 4 of the Dungeon.
You were starving.

You visited 1 branch of the dungeon, and saw 4 of its levels.

You collected 174 gold pieces.

Inventory:

Hand Weapons
 a - a +3 dagger (weapon)
 u - a +0 hunting sling
Missiles
 e - 4 javelins (quivered)
 f - 144 stones
 g - 69 arrows
 l - 64 bolts
Armour
 n - a +0 cloak (worn)
 s - a +0 robe (worn)
Jewellery
 i - a +3 ring of intelligence (left hand)
Scrolls
 d - 2 scrolls of magic mapping {unknown}
 j - a scroll of enchant armour {unknown}
 m - 2 scrolls of remove curse {unknown}
 o - a scroll of immolation {unknown}
 q - a scroll of random uselessness {unknown}
 r - 3 scrolls of teleportation {unknown}
 t - a scroll of enchant weapon {unknown}
 w - a scroll of identify {unknown}
Potions
 c - a potion of degeneration {unknown}
 h - 2 potions of agility {unknown}
 k - 3 potions of ambrosia {unknown}
 p - a potion of brilliance {unknown}
Comestibles
 v - 10 rations


   Skills:
 - Level 1.7 Dodging
 - Level 2.4 Stealth
 - Level 3.2 Spellcasting
 * Level 4.5 Conjurations
 - Level 1.0 Summonings
   Level 0.8 Translocations


You had 4 spell levels left.
You knew the following spells:

 Your Spells              Type           Power        Failure   Level  Hunger
a - Call Imp              Summ           #.......     13%         2    ##.....
c - Magic Dart            Conj           ###.         1%          1    None
e - Mephitic Cloud        Conj/Pois/Air  #.......     22%         3    ###....

Your spell library contained the following spells:

 Spells                   Type           Power        Failure   Level  Hunger
 Conjure Flame            Conj/Fire      ##......     16%         3    ###....
 Slow                     Hex            #.......     21%         2    ##.....
 Blink                    Tloc           Unusable     N/A         2    N/A

Dungeon Overview and Level Annotations

Branches:
Dungeon (4/15)
 Temple: D:4-7

Altars:

Annotations:
D:2 Natasha, Robin
D:3 2 transporters, exclusions: sensed monster (detected) and 1 more exclusion, Grinder


Innate Abilities, Weirdness & Mutations

You cannot be hasted, slowed, berserked, paralysed or teleported.
You can dig through walls and to a lower floor.
Your four strong arms can wield two-handed weapons with a shield.
You have a pair of large antennae on your head. (SInv)


Message History

You feel sick. The adder barely misses you.
The adder bites you but does no damage.
You hit the adder.
The adder is heavily wounded.
The adder barely misses you.
You hit the adder.
The adder is severely wounded.
The adder closely misses you.
You miss the adder.
The adder is severely wounded.
The adder barely misses you. x2
You miss the adder.
The adder is severely wounded.
You feel sick. The adder bites you.
You closely miss the adder.
The adder is severely wounded.
The adder bites you.
You die...

#.##########......#
# #.# #.###..# #
#.# #.# #..# #
#.### #.# #..#
#...# #.# #..#
###.# #.# #..# #.#
#.# #... #.#
####.###.#. #.#
#.@........# #.#
#S###..≈.≈.. #.# #.
.≈.≈.≈≈ #.### ##
...≈.≈. #...#
≈≈≈≈≈≈≈ #####
≈≈≈.≈≈≈ ...≈...


You could see an adder.

Vanquished Creatures
  A hound skeleton (D:4)
  6 adders
  A dart slug (D:1)
  2 leopard geckos
  2 orcs (D:3)
  A ball python (D:3)
  3 giant cockroaches
  13 goblins
  11 hobgoblins
  3 jackals (D:2)
  A quokka (D:2)
  6 bats
  5 frilled lizards
  7 kobolds
  6 rats
68 creatures vanquished.

Notes
Turn   | Place    | Note
-------+----------+-------------------------------------------
     0 | D:1      | DildoBatman the Formicid Wizard began the quest for the
                  | Orb.
     0 | D:1      | Reached XP level 1. HP: 13/13 MP: 4/4
     8 | D:1      | Reached skill level 1 in Conjurations
   180 | D:1      | Reached XP level 2. HP: 19/19 MP: 0/6
   308 | D:1      | Reached skill level 2 in Conjurations
   618 | D:1      | Reached XP level 3. HP: 24/24 MP: 1/7
   622 | D:1      | Learned a level 2 spell: Call Imp
   626 | D:1      | Learned a level 3 spell: Mephitic Cloud
  1061 | D:2      | Reached skill level 3 in Conjurations
  1126 | D:2      | Reached XP level 4. HP: 30/30 MP: 5/8
  1650 | D:3      | Found a transporter.
  1919 | D:3      | Noticed Robin
  2158 | D:3      | Reached skill level 4 in Conjurations
  2158 | D:3      | Reached XP level 5. HP: 25/35 MP: 0/9
  2217 | D:3      | Found a transporter.
  2266 | D:3      | Noticed Grinder
  2849 | D:4      | Noticed Natasha
  3157 | D:4      | Slain by an adder

Skill      XL: |  1  2  3  4 |
---------------+-------------+-----
Conjurations   | 1 2 3 4 |  4.5
Dodging        | |  1.7
Stealth        | |  2.4
Spellcasting   | |  3.2
Summonings     | |  1.0
Translocations | |  0.8

Action                   |  1- 3 |  4- 6 || total
-------------------------+-------+-------++-------
Melee: Whip              |     5 |    19 ||    24
       Dagger            |       |    31 ||    31
Throw: Javelin           |     6 |     7 ||    13
 Cast: Magic Dart        |    58 |    64 ||   122
       Mephitic Cloud    |       |     4 ||     4
 Abil: Dig               |       |     1 ||     1
 Stab: Sleeping          |       |     1 ||     1
  Eat: Chunk             |       |     5 ||     5
Armor: Robe              |       |    23 ||    23
Dodge: Dodged            |    11 |    37 ||    48
